 Dungeon Crawl Stone Soup version 0.25.0-26-g0c896c7088 (webtiles) character file.

Game seed: 14619077587926200312

1339 Revguard the Chiller (level 8, -7/59 HPs)
             Began as a Purple Draconian Ice Elementalist on July 4, 2020.
             Was an Initiate of Sif Muna.
             Mangled by an ogre
             ... wielding a +0 giant club
              (25 damage)
             ... on level 6 of the Dungeon.
             The game lasted 00:25:47 (6686 turns).

Revguard the Chiller (DrIE)                         Turns: 6686, Time: 00:25:48

Health: -7/59      AC:  7    Str: 13    XL:     8   Next: 35%
Magic:  15/16      EV: 13    Int: 17    God:    Sif Muna [......]
Gold:   183        SH:  0    Dex: 10    Spells: 10/18 levels left

rFire    . . .     SeeInvis .   x - +3 quarterstaff (chaos)
rCold    . . .     Gourm    .   (shield currently unavailable)
rNeg     . . .     Faith    .   (armour unavailable)
rPois    .         Spirit   .   i - +0 hat
rElec    .         Reflect  .   y - +0 cloak
rCorr    .         Harm     .   (no gloves)
MR       +....                  (no boots)
Stlth    +++.......             f - amulet of magic regeneration
HPRegen  0.19/turn              d - ring of stealth
MPRegen  0.40/turn              (no ring)

@: frozen ramparts
A: breathe power, unfitting armour, blurry vision 1, clumsy 1, strong 1,
cold-blooded, AC +6
a: Breathe Dispelling Energy, Renounce Religion


You were on level 6 of the Dungeon.
You worshipped Sif Muna.
Sif Muna was noncommittal.
You were very hungry.

You visited 1 branch of the dungeon, and saw 6 of its levels.
You also visited: Sewer.

You collected 279 gold pieces.
You spent 96 gold pieces at shops.

Inventory:

Hand Weapons
 x - a +3 quarterstaff of chaos (weapon)
Armour
 i - a +0 hat (worn)
 y - a +0 cloak (worn)
Jewellery
 c - an uncursed amulet of regeneration {unknown}
 d - a ring of stealth (left hand)
 f - an amulet of magic regeneration (around neck)
 n - an uncursed amulet of the acrobat {unknown}
Wands
 e - a wand of random effects (18)
 q - a wand of digging (3)
Scrolls
 a - a scroll of remove curse
 o - 4 scrolls of teleportation
Potions
 g - a potion of magic
 j - a potion of stabbing
 k - a potion of curing
 l - a potion of heal wounds
Comestibles
 b - 17 rations


   Skills:
 + Level 1.2 Fighting
   Level 2.3(2.7) Polearms
 + Level 1.9(2.5) Staves
 + Level 3.6 Dodging
 + Level 3.3 Stealth
 - Level 0.2 Unarmed Combat
 + Level 5.9 Spellcasting
 * Level 3.9 Summonings
 + Level 6.4 Ice Magic


You had 10 spell levels left.
You knew the following spells:

 Your Spells              Type           Power        Failure   Level  Hunger
a - Freeze                Ice            ####         1%          1    None
b - Frozen Ramparts       Ice            ####..       2%          3    ##.....
c - Summon Ice Beast      Ice/Summ       ###.....     16%         4    ####...

Your spell library contained the following spells:

 Spells                   Type           Power        Failure   Level  Hunger
 Ozocubu's Armour         Chrm/Ice       ###.....     11%         3    ##.....
 Hailstorm                Conj/Ice       ###.....     34%         4    ####...


Dungeon Overview and Level Annotations

Branches:
Dungeon (6/15)             Temple (0/1) D:5           Sewer (visited)

Altars:
Sif Muna
Yredelemnul

Shops:
D:5 *:!?

Annotations:
D:6 Maggie


Innate Abilities, Weirdness & Mutations

You can breathe bolts of dispelling energy.
Your rich purple scales are hard. (AC +6)
You cannot fit into any form of body armour.
You are cold-blooded and may be slowed by cold attacks.
Scrolls take you a little longer to read.
You are clumsy. (Dex -2)
Your muscles are strong. (Str +2)


Message History

An iguana, an ogre and Maggie come into view.
Found 10 gold pieces.
There is a stone staircase leading up here.
Maggie shouts!
Maggie closely misses you.
Casting: Frozen Ramparts (dangerous; 2% risk of failure)
Confirm with . or Enter, or press ? or * to list all spells.
The walls around you are covered in ice.
The ogre shouts!
You hit Maggie but do no damage.
Maggie seems to grow stronger.
The wall freezes Maggie.
Maggie closely misses you.
The iguana hisses angrily.
You hit Maggie.
Maggie flickers and vanishes!
Deactivating autopickup; reactivate with Ctrl-A.
Your tail-slap misses something.
The wall freezes something.
Something hits you!!
The wall freezes something.
Something hits you!!
Okay, then.
The ogre hits you with a +0 giant club!!
You die...

## #. .# #.
#{## #..#
##.## #.@#
#..O.#
#......#
#......l..
#............
#............
.............
$.............


You could see an ogre and an iguana.

Vanquished Creatures
  Sigmund (D:3)
  Eustachio (D:4)
  A nameless horror (D:3)
  A phantom (D:4)
  An ogre (D:4)
  2 bullfrogs (Sewer)
  A howler monkey (D:4)
  2 hounds (D:4)
  A jelly (D:5)
  4 orc priests
  Crazy Yiuf (D:4)
  An iguana (D:2)
  Ijyb (D:4)
  3 orc wizards
  A worker ant (D:4)
  2 worker ant zombies (D:5)
  14 adders
  An ooze (D:3)
  3 worms
  2 dart slugs (D:1)
  6 leopard geckos
  17 orcs
  14 giant cockroaches
  A goblin (D:1)
  10 hobgoblins
  10 jackals
  14 kobolds
  A quokka (D:3)
  5 ball pythons
  9 bats
  8 frilled lizards
  12 rats
151 creatures vanquished.

Notes
Turn   | Place    | Note
-------+----------+-------------------------------------------
     0 | D:1      | Revguard the Draconian Ice Elementalist began the quest for
                  | the Orb.
     0 | D:1      | Reached XP level 1. HP: 14/14 MP: 3/3
   257 | D:1      | Reached XP level 2. HP: 16/20 MP: 0/5
   899 | D:1      | Reached XP level 3. HP: 26/26 MP: 4/6
   907 | D:1      | Learned a level 3 spell: Frozen Ramparts
  1516 | D:2      | Reached XP level 4. HP: 19/33 MP: 6/8
  1543 | D:2      | Learned a level 4 spell: Summon Ice Beast
  2130 | D:2      | Reached skill level 1 in Summonings
  2775 | D:3      | Reached XP level 5. HP: 38/38 MP: 5/9
  3445 | D:3      | Noticed a nameless horror
  3456 | D:3      | Killed a nameless horror
  3604 | D:3      | Noticed Sigmund
  3641 | D:3      | Killed Sigmund
  3641 | D:3      | Reached skill level 1 in Polearms
  3641 | D:3      | Reached skill level 5 in Ice Magic
  3641 | D:3      | Reached XP level 6. HP: 46/46 MP: 6/11
  3900 | D:4      | Noticed Ijyb
  3918 | D:4      | Killed Ijyb
  4147 | D:4      | Your scales start taking on a rich purple colour.
  4147 | D:4      | Reached XP level 7. HP: 51/51 MP: 11/14
  4361 | D:4      | Noticed Eustachio
  4380 | D:4      | Killed Eustachio
  4380 | D:4      | Reached skill level 5 in Spellcasting
  4902 | D:4      | Reached skill level 1 in Fighting
  4902 | D:4      | Reached skill level 6 in Ice Magic
  5008 | D:4      | Found a runed translucent door.
  5009 | D:4      | Noticed Crazy Yiuf
  5020 | D:4      | Killed Crazy Yiuf
  5389 | D:5      | Entered Level 5 of the Dungeon
  5397 | D:5      | Found Fabbyh's Distillery.
  5397 | D:5      | Found Xamiokh's Magic Scroll Shoppe.
  5402 | D:5      | Found Yvitz's Book Shoppe.
  5404 | D:5      | Found Cygycyan's General Store.
  5426 | D:5      | Found a glowing drain.
  5440 | D:5      | Reached XP level 8. HP: 59/59 MP: 13/16
  5452 | Sewer    | Entered a sewer
  5650 | Sewer    | Reached skill level 1 in Staves
  5905 | D:5      | Bought a potion of mutation for 96 gold pieces
  5905 | D:5      | Gained mutation: Scrolls take you a little longer to read.
                  | [potion of mutation]
  5905 | D:5      | Gained mutation: You are clumsy. (Dex -2) [potion of
                  | mutation]
  5905 | D:5      | Gained mutation: Your muscles are strong. (Str +2) [potion
                  | of mutation]
  5923 | D:5      | Found a basalt altar of Yredelemnul.
  5923 | D:5      | Found a shimmering blue altar of Sif Muna.
  5933 | D:5      | Became a worshipper of Sif Muna the Loreminder
  6045 | D:5      | Found a staircase to the Ecumenical Temple.
  6679 | D:6      | Noticed Maggie
  6686 | D:6      | Mangled by an ogre

Illustrated notes

Levels and vault maps discovered:
D:1:      dpeg_arrival_arbitrary_b, layout_basic
D:2:      layout_basic, first_ration
D:3:      layout_rooms, serial_co_window_serial, co_window_paths_a,
          co_window_paths_b, co_window_paths_b, co_window_corner_a,
          co_window_of_opportunity_a, co_window_corner_b, co_window_2corner,
          co_window_broadway_b, co_window_4corner_a, glass_columns_b,
          glass_columns_a, kennysheep_generic_room_2, uniq_sigmund
D:4:      layout_loops_ring, uniq_eustachio, uniq_crazy_yiuf_cottage, uniq_ijyb
D:5:      layout_basic, chequers_temple_overflow_statue_of_worship,
          minmay_temple_entry_proselytizer, gup_sewer_entry_glass,
          minmay_shop_grid_forest
D:6:      layout_cave_pods, uniq_maggie

Skill      XL: |  1  2  3  4  5  6  7  8 |
---------------+-------------------------+-----
Dodging        | 2 3 |  3.6
Stealth        | 2 3 |  3.3
Spellcasting   | 3 4 5 |  5.9
Summonings     | 1 2 3 |  3.9
Polearms       | 1 2 |  2.3
Ice Magic      | 5 6 |  6.4
Fighting       | 1 |  1.2
Staves         | 1 |  1.9
Unarmed Combat | |  0.2

Action                   |  1- 3 |  4- 6 |  7- 9 || total
-------------------------+-------+-------+-------++-------
Melee: Unarmed           |    28 |    27 |       ||    55
       Tailslap          |     4 |     8 |     9 ||    21
       Spear             |       |    42 |       ||    42
       Scythe            |       |    32 |    17 ||    49
       Quarterstaff      |       |       |    80 ||    80
 Cast: Freeze            |    40 |    24 |    14 ||    78
       Frozen Ramparts   |     4 |    29 |    21 ||    54
 Abil: Breathe Dispellin |       |       |     2 ||     2
  Use: Scroll            |     3 |     2 |     8 ||    13
       Potion            |     1 |     2 |     5 ||     8
 Stab: Sleeping          |       |     3 |     4 ||     7
       Paralysed         |       |       |     1 ||     1
  Eat: Chunk             |     3 |    11 |     9 ||    23
Armor: Skin              |    26 |    57 |    45 ||   128
Dodge: Dodged            |    49 |   108 |   120 ||   277
